[Event "Titled Tuesday Blitz August 09 Early 2022"]
[White "Gurevich, Dmitry"]
[Black "Skliarov, Viktor"]
[WhiteFideId "2000407"]
[BlackFideId "14106736"]
[WhiteElo "2551"]
[BlackElo "2664"]
[Result "1-0"]
[Round "08"]
[TimeControl "180+1"]
[Date "2022.08.09"]
[WhiteClock "0:00:23"]
[BlackClock "0:00:02"]

1. d4 Nf6 2. c4 e6 3. Nf3 b6 4. g3 Bb7 5. Bg2 Be7 6. Nc3 O-O 7. Qc2 c5 8. d5 exd5 9. Nh4 d6 10. Nf5 Re8 11. Ne3 Nc6 12. Ncxd5 Nxd5 13. Nxd5 Nd4 14. Qd1 b5 15. e3 Ne6 16. cxb5 Qa5+ 17. Bd2 Qxb5 18. Bc3 Bf8 19. Qe2 Qxe2+ 20. Kxe2 Ba6+ 21. Kd2 Rab8 22. b3 Ng5 23. f3 Bb7 24. e4 f5 25. Rhe1 fxe4 26. fxe4 Nf7 27. Bf1 Ne5 28. Bxe5 Rxe5 29. Bc4 g6 30. Nf6+ Kg7 31. Nd7 Rbe8 32. Nxe5 Rxe5 33. Kd3 Be7 34. Re2 Bf6 35. Rf1 h5 36. h4 Bc6 37. Rf4 Bd8 38. Rf7+ Kh6 39. Rxa7 Re8 40. Ra6 Bb7 41. Rxd6 Bc7 42. e5 Bxd6 43. exd6 Rd8 44. Re6 Bc8 45. Rf6 Kg7 46. Rf7+ Kh6 47. Kc3 Rxd6 48. a4 Be6 49. Rf6 1-0


[Site "https://www.chess.com"]

[Event "Titled Tuesday Blitz August 09 Early 2022"]
[White "Harsh Suresh"]
[Black "Ismayil, Malak"]
[WhiteFideId "45018464"]
[BlackFideId "13412604"]
[WhiteElo "2070"]
[BlackElo "1879"]
[Result "1-0"]
[Round "08"]
[TimeControl "180+1"]
[Date "2022.08.09"]
[WhiteClock "0:01:38"]
[BlackClock "0:00:01"]

1. e4 e5 2. Nf3 Nc6 3. Bc4 Bc5 4. O-O Nf6 5. d4 Bxd4 6. Nxd4 Nxd4 7. f4 d6 8. fxe5 dxe5 9. Bg5 Be6 10. Na3 Qe7 11. c3 Nc6 12. Kh1 h6 13. Bxf6 gxf6 14. Qd2 a6 15. Rad1 Rd8 16. Bd5 Bxd5 17. exd5 Nb8 18. Qf2 Nd7 19. Nc4 Qf8 20. d6 c6 21. Ne3 Qg7 22. Nf5 Qg4 23. h3 Qg6 24. Rd3 Kf8 25. Rg3 Qh5 26. Ng7 Qh4 27. Ne6+ fxe6 28. Rg8+ Rxg8 29. Qxh4 Rg6 30. a4 Kg7 31. Qb4 Rb8 32. a5 f5 33. Qh4 Nf6 34. Rd1 Rd8 35. c4 c5 36. b4 cxb4 37. c5 Kf7 38. Qxb4 Rd7 39. Qa4 Rg8 40. Qh4 Ne4 41. Rb1 Nxc5 42. Qxh6 Ne4 43. Rc1 Nxd6 44. Rd1 1-0


[Site "https://www.chess.com"]

[Event "Titled Tuesday Blitz August 09 Early 2022"]
[White "Hartikainen, Jarmo"]
[Black "McConnell, Griffin"]
[WhiteFideId "503134"]
[BlackFideId "30942551"]
[WhiteElo "2134"]
[BlackElo "2306"]
[Result "0-1"]
[Round "08"]
[TimeControl "180+1"]
[Date "2022.08.09"]
[WhiteClock "0:00:01"]
[BlackClock "0:00:05"]

1. e4 c6 2. d4 d5 3. Nc3 dxe4 4. Nxe4 Bf5 5. Ng3 Bg6 6. h4 h6 7. Bc4 e6 8. N1e2 Bd6 9. Nf4 Bxf4 10. Bxf4 Nf6 11. c3 Nbd7 12. Bd3 Bxd3 13. Qxd3 Nb6 14. Ne4 Nxe4 15. Qxe4 Qd5 16. Qxd5 Nxd5 17. Bd2 O-O-O 18. O-O-O Rhe8 19. Rhe1 Kd7 20. c4 Ne7 21. Bc3 f6 22. g3 b5 23. b3 Nc8 24. d5 exd5 25. cxb5 Nd6 26. bxc6+ Kxc6 27. Rxe8 Rxe8 28. Bd4 Nb5 29. Be3 a6 30. Kb2 Rd8 31. a4 Nd6 32. Rc1+ Kb7 33. Rd1 Nf5 34. Bd4 Re8 35. Kc3 Kc6 36. g4 Nxh4 37. Kb4 Nf3 38. Rc1+ Kb7 39. Bc5 Rc8 40. Ka5 Ne5 41. Be3 Rxc1 42. Bxc1 d4 43. Kb4 d3 44. Kc3 Kc6 45. Bf4 Nxg4 46. Kxd3 Nxf2+ 47. Kc4 Ne4 0-1


[Site "https://www.chess.com"]

[Event "Titled Tuesday Blitz August 09 Early 2022"]
[White "Hoffmann, Asa"]
[Black "Ferreira, Vitor Hugo Vieira"]
[WhiteFideId "2001470"]
[BlackFideId "2119765"]
[WhiteElo "2117"]
[BlackElo "2168"]
[Result "1/2-1/2"]
[Round "08"]
[TimeControl "180+1"]
[Date "2022.08.09"]
[WhiteClock "0:00:15"]
[BlackClock "0:00:10"]

1. d4 d5 2. Bg5 c5 3. dxc5 Qa5+ 4. Nc3 Qxc5 5. Qxd5 Nd7 6. Qxc5 Nxc5 7. Nb5 Ne6 8. Be3 a6 9. Nc3 g6 10. g3 Nf6 11. Bg2 Bg7 12. Nf3 Ng4 13. Bb6 Bxc3+ 14. bxc3 O-O 15. h3 Nf6 16. Nd4 Bd7 17. O-O Rac8 18. Rab1 Rxc3 19. Bxb7 Rb8 20. Bxa6 Rxb6 21. Rxb6 Nxd4 22. Rd1 Rc6 23. Rxc6 Nxc6 24. Bb5 Ne5 25. a4 Bxb5 26. axb5 Nc4 27. f3 Kf8 28. Rd8+ Kg7 29. e4 e5 30. Kf2 Ng8 31. Rc8 Nd6 32. Rc5 Kf6 33. c4 Ke6 34. Ke3 Ne7 35. f4 f6 36. Rc7 f5 37. exf5+ Nexf5+ 38. Kf3 e4+ 39. Kf2 h5 40. b6 e3+ 41. Kf3 e2 42. Kxe2 Nxg3+ 43. Kf3 Ngf5 44. c5 Nb5 45. Rc6+ Kd7 46. Rd6+ Nfxd6 47. cxd6 Nxd6 48. Kg3 Nf5+ 49. Kf3 Kc6 50. Ke4 Kxb6 51. Ke5 Kc5 52. Kf6 Nh4 53. Kg5 Nf3+ 54. Kxg6 h4 55. f5 Kd5 56. f6 Ke4 57. f7 Ne5+ 58. Kh5 Nxf7 59. Kxh4 Kf4 60. Kh5 Kf5 61. h4 Ne5 62. Kh6 Kf6 63. Kh5 Kf5 64. Kh6 Nf7+ 65. Kh5 Nd6 66. Kh6 Ne4 67. Kg7 Kg4 68. Kf7 Kh5 69. Ke6 Ng3 70. Ke5 Kxh4 1/2-1/2


[Site "https://www.chess.com"]

[Event "Titled Tuesday Blitz August 09 Early 2022"]
[White "Hosseinzadeh, Nima"]
[Black "Namitbir Singh Walia"]
[WhiteFideId "12505323"]
[BlackFideId "35071068"]
[WhiteElo "2045"]
[BlackElo "1664"]
[Result "1-0"]
[Round "08"]
[TimeControl "180+1"]
[Date "2022.08.09"]
[WhiteClock "0:01:22"]
[BlackClock "0:00:01"]

1. e4 c5 2. Nf3 Nc6 3. d4 cxd4 4. Nxd4 g6 5. c4 Nf6 6. Nc3 d6 7. f3 Nxd4 8. Qxd4 Bg7 9. Be3 O-O 10. Qd2 Qa5 11. Rc1 Be6 12. Be2 Rfc8 13. b3 a6 14. Na4 Qxd2+ 15. Kxd2 Nd7 16. g4 Rab8 17. h4 Ne5 18. Rhg1 b5 19. Nb6 Re8 20. f4 Nd7 21. Nd5 Bxd5 22. cxd5 Rec8 23. Rc6 Rxc6 24. dxc6 Nc5 25. Bf3 e5 26. Rc1 Ne6 27. f5 Nc7 28. g5 Bf8 29. f6 Rc8 30. Bg4 Rd8 31. Bb6 d5 32. Bxc7 Bb4+ 33. Ke2 Re8 1-0


[Site "https://www.chess.com"]

[Event "Titled Tuesday Blitz August 09 Early 2022"]
[White "Ibarra Jerez, Jose Carlos"]
[Black "Hambleton, Aman"]
[WhiteFideId "2226332"]
[BlackFideId "2606577"]
[WhiteElo "2859"]
[BlackElo "2793"]
[Result "1-0"]
[Round "08"]
[TimeControl "180+1"]
[Date "2022.08.09"]
[WhiteClock "0:00:23"]
[BlackClock "0:00:01"]

1. Nf3 d5 2. g3 c6 3. Bg2 Bg4 4. O-O Nd7 5. h3 Bxf3 6. Bxf3 Ngf6 7. d3 e5 8. e4 Bc5 9. c3 O-O 10. exd5 Nxd5 11. Nd2 Re8 12. Re1 Qc7 13. Kg2 Rad8 14. Qb3 Bb6 15. Qc2 Nc5 16. Be2 a5 17. Nc4 Ba7 18. a4 h6 19. Bd2 e4 20. d4 Nd7 21. Bg4 N7f6 22. Bf5 g6 23. Bxe4 Nxe4 24. Rxe4 Rxe4 25. Qxe4 h5 26. Bg5 Rf8 27. Re1 Bb8 28. h4 Qd7 29. Nxa5 Nb6 30. Qe7 Qxe7 31. Rxe7 Nxa4 32. Rxb7 c5 33. Nc6 Bd6 34. Be7 Bxe7 35. Nxe7+ Kg7 36. d5 c4 37. Rb4 Nc5 38. Rxc4 Nd3 39. Rd4 Nxb2 40. d6 Rd8 41. d7 Kf8 42. Nc6 1-0


[Site "https://www.chess.com"]

[Event "Titled Tuesday Blitz August 09 Early 2022"]
[White "Jaskolka, Tomasz"]
[Black "Petrova, Irina"]
[WhiteFideId "1170791"]
[BlackFideId "14124122"]
[WhiteElo "2073"]
[BlackElo "2021"]
[Result "1-0"]
[Round "08"]
[TimeControl "180+1"]
[Date "2022.08.09"]
[WhiteClock "0:00:12"]
[BlackClock "0:00:13"]

1. d4 d6 2. Nc3 Nf6 3. e4 e5 4. Nf3 Nbd7 5. Bc4 Be7 6. O-O O-O 7. h3 c6 8. a4 h6 9. Be3 Re8 10. Qd2 Bf8 11. Rae1 exd4 12. Bxd4 Qc7 13. Bb3 Ne5 14. Nxe5 dxe5 15. Be3 Be6 16. Bxe6 Rxe6 17. Qe2 Rd8 18. Rd1 Red6 19. Rxd6 Rxd6 20. Bxa7 b6 21. Qa6 b5 22. Bc5 Rd8 23. Bb6 Qc8 24. axb5 cxb5 25. Qxb5 Re8 26. Be3 Qa8 27. Nd5 Rb8 28. Nxf6+ gxf6 29. Qd5 Qxd5 30. exd5 Rxb2 31. Rd1 Rxc2 32. d6 Rc8 33. d7 Rd8 34. Bb6 Be7 35. Bxd8 Bxd8 36. f3 Kf8 37. Kf2 Ke7 38. g4 Bb6+ 39. Kg3 Kd8 40. f4 Bc7 41. f5 Bb6 42. Kf3 Bd4 43. Rb1 Kxd7 44. Rb8 Bc3 45. Ke2 Ke7 46. Rh8 Bb2 47. Rxh6 Kf8 48. Rh8+ Kg7 49. Ra8 Bd4 50. Kf3 Bc3 51. h4 Bd2 52. Ra4 Be1 53. g5 Bd2 54. Kg4 Be3 55. Ra6 fxg5 56. hxg5 Bd2 57. f6+ Kg6 58. Ra8 e4 59. Rg8+ Kh7 60. Rg7+ Kh8 61. Rxf7 e3 62. Re7 Kg8 63. g6 Kf8 64. g7+ 1-0


[Site "https://www.chess.com"]

[Event "Titled Tuesday Blitz August 09 Early 2022"]
[White "Jeet, Jain"]
[Black "Aradhya, Garg"]
[WhiteFideId "5073022"]
[BlackFideId "25006746"]
[WhiteElo "2541"]
[BlackElo "2681"]
[Result "0-1"]
[Round "08"]
[TimeControl "180+1"]
[Date "2022.08.09"]
[WhiteClock "0:00:20"]
[BlackClock "0:01:02"]

1. Nf3 d5 2. g3 g6 3. Bg2 Bg7 4. O-O e5 5. d3 Ne7 6. e4 O-O 7. Nc3 dxe4 8. dxe4 Nbc6 9. Nd5 Be6 10. c4 h6 11. Be3 f5 12. exf5 gxf5 13. Qd2 Nxd5 14. cxd5 Qxd5 15. Bxh6 Qxd2 16. Bxd2 Rad8 17. Bc3 Bd5 18. Rfd1 e4 19. Bxg7 Kxg7 20. Ng5 Kg6 21. h4 Nb4 22. g4 Nd3 23. gxf5+ Kxf5 24. b3 Rh8 25. f3 exf3 26. Bh3+ Kf4 27. Rxd3 Rxh4 28. Ne6+ Bxe6 29. Rxd8 Rxh3 30. Rf8+ Kg3 31. Rg8+ Bxg8 0-1


[Site "https://www.chess.com"]

[Event "Titled Tuesday Blitz August 09 Early 2022"]
[White "Jorquera, Marcelo"]
[Black "Horcajuelo Rocamora, Martin"]
[WhiteFideId "3401197"]
[BlackFideId "24573027"]
[WhiteElo "2136"]
[BlackElo "1882"]
[Result "0-1"]
[Round "08"]
[TimeControl "180+1"]
[Date "2022.08.09"]
[WhiteClock "0:00:01"]
[BlackClock "0:01:05"]

1. e4 e5 2. Nc3 Bb4 3. Nge2 Nc6 4. g3 d6 5. Bg2 f5 6. d3 Nf6 7. O-O O-O 8. f4 fxe4 9. dxe4 Bc5+ 10. Kh1 Ng4 11. Qe1 exf4 12. Nxf4 g5 13. Nd3 Rxf1+ 14. Qxf1 Bd4 15. h3 Nge5 16. Nd5 Nxd3 17. cxd3 Be6 18. Rb1 Bxd5 19. exd5 Ne5 20. Qe2 h6 21. Qe4 Qf6 22. Qxd4 Rf8 23. Qe4 Qf2 24. Be3 Qxg3 25. Bd4 Rf4 26. Qe3 Qxe3 27. Bxe3 Rf7 28. Bd4 Nxd3 29. Be4 Nf4 30. Bc2 Re7 31. Bxa7 b6 32. Bb8 Kf8 33. Bb3 Ke8 0-1


[Site "https://www.chess.com"]

[Event "Titled Tuesday Blitz August 09 Early 2022"]
[White "Kashefi, Amir Hosein"]
[Black "Korchmar, Vasiliy"]
[WhiteFideId "12557935"]
[BlackFideId "24131750"]
[WhiteElo "1962"]
[BlackElo "2370"]
[Result "0-1"]
[Round "08"]
[TimeControl "180+1"]
[Date "2022.08.09"]
[WhiteClock "0:02:13"]
[BlackClock "0:02:32"]

1. d4 d5 2. c4 c6 3. Nc3 Nf6 4. cxd5 cxd5 5. Nf3 Nc6 6. e3 Bg4 7. h3 Bxf3 8. Qxf3 e6 9. Bd3 Be7 10. O-O O-O 11. a3 Rc8 12. Bd2 Na5 13. Rad1 a6 14. Bb1 Nc4 15. Bc1 Nxa3 16. bxa3 Rxc3 17. a4 Rc4 18. Bd2 Rxa4 19. Bc2 Ra2 20. Bb3 Rb2 21. Rb1 Rxd2 22. Qf4 Bd6 23. Qg5 Ne4 24. Qh4 Qxh4 0-1


[Site "https://www.chess.com"]

[Event "Titled Tuesday Blitz August 09 Early 2022"]
[White "Kazancev, Valerij M"]
[Black "Perez Rodriguez, Jennifer"]
[WhiteFideId "4179609"]
[BlackFideId "3507831"]
[WhiteElo "2542"]
[BlackElo "2170"]
[Result "1-0"]
[Round "08"]
[TimeControl "180+1"]
[Date "2022.08.09"]
[WhiteClock "0:00:31"]
[BlackClock "0:00:21"]

1. c4 Nf6 2. g3 e6 3. Bg2 d5 4. Nf3 Be7 5. O-O O-O 6. b3 d4 7. e3 c5 8. exd4 cxd4 9. Bb2 Nc6 10. Re1 Re8 11. a3 a5 12. d3 Bc5 13. h3 h6 14. g4 e5 15. Nbd2 Nd7 16. Ne4 Qb6 17. Rb1 Nf8 18. Nh4 Ne6 19. Bc1 Bd7 20. Nf5 Nf4 21. Nfd6 Bxd6 22. Nxd6 Nxg2 23. Kxg2 Re7 24. Qf3 Nd8 25. Ne4 Ne6 26. b4 Ng5 27. Bxg5 hxg5 28. b5 Qg6 29. Ng3 Be8 30. Nf5 Re6 31. Qxb7 Rd8 32. Ne7+ Rxe7 33. Qxe7 Rc8 34. Re4 f5 35. gxf5 Qxf5 36. Qxe5 Qh7 37. Qe6+ 1-0


[Site "https://www.chess.com"]

[Event "Titled Tuesday Blitz August 09 Early 2022"]
[White "Khabinets, Ivan"]
[Black "Srihari L R"]
[WhiteFideId "14115980"]
[BlackFideId "46617116"]
[WhiteElo "2618"]
[BlackElo "2726"]
[Result "0-1"]
[Round "08"]
[TimeControl "180+1"]
[Date "2022.08.09"]
[WhiteClock "0:02:00"]
[BlackClock "0:02:17"]

1. e4 c5 2. Nf3 e6 3. g3 g6 4. Bg2 Bg7 5. O-O Nc6 6. c3 d5 7. d3 Nf6 8. Qe2 c4 9. exd5 cxd3 10. Qxd3 Qxd5 11. Nd4 Qd7 12. Be3 e5 13. Qe2 exd4 14. Bh6+ Kf8 15. Bxg7+ Kxg7 16. Rd1 Qe6 17. Qd2 Rd8 18. Na3 dxc3 19. Qxc3 Rxd1+ 20. Rxd1 Qe5 21. Qb3 Bg4 22. Rc1 Re8 23. Nc4 Qe7 24. h3 Nd4 25. Qc3 0-1


[Site "https://www.chess.com"]

[Event "Titled Tuesday Blitz August 09 Early 2022"]
[White "Khripachenko, Alexander"]
[Black "Szpar, Milosz"]
[WhiteFideId "54184975"]
[BlackFideId "1184989"]
[WhiteElo "2624"]
[BlackElo "2729"]
[Result "1/2-1/2"]
[Round "08"]
[TimeControl "180+1"]
[Date "2022.08.09"]
[WhiteClock "0:00:06"]
[BlackClock "0:00:05"]

1. e4 c5 2. Nf3 d6 3. d4 cxd4 4. Nxd4 Nf6 5. f3 Nc6 6. c4 e6 7. Nc3 Be7 8. Be3 O-O 9. Qc2 d5 10. Rd1 Nxd4 11. Bxd4 Qa5 12. cxd5 exd5 13. e5 Nd7 14. Bd3 g6 15. O-O Bc5 16. Bb5 Bxd4+ 17. Rxd4 Nxe5 18. Rxd5 Qc7 19. Re1 f6 20. f4 Bf5 21. Qb3 Nf7 22. Bd3 Rae8 23. Rxe8 Rxe8 24. Bxf5 Qxf4 25. Be4 f5 26. Rd7 fxe4 27. Ne2 Qf6 28. Rxb7 e3 29. h3 Qf2+ 30. Kh2 Rf8 31. Ng3 e2 32. Nxe2 Qxe2 33. Rxa7 Qf2 34. Rb7 Re8 35. Qg3 Qf1 36. Rb8 Qe2 37. Rxe8+ Qxe8 38. Qc3 Qa8 39. a3 Qd5 40. b4 Nd6 41. a4 Ne4 42. Qc8+ Kf7 43. Qc7+ Ke6 44. a5 Qd6+ 45. Qxd6+ Kxd6 46. g4 Kc6 47. Kg2 Kb5 48. Kf3 Ng5+ 49. Kg3 Ne6 50. Kf3 Kxb4 51. h4 Kxa5 52. Ke4 Nd8 53. Ke5 Nf7+ 54. Kf6 Nh6 55. Kg7 Nxg4 56. Kxh7 Ne5 57. Kg7 Kb5 58. Kf6 Nf3 59. Kxg6 Nxh4+ 1/2-1/2


[Site "https://www.chess.com"]

[Event "Titled Tuesday Blitz August 09 Early 2022"]
[White "Kostiukov, Alexandr"]
[Black "D`Arruda, Ricardo D."]
[WhiteFideId "14108100"]
[BlackFideId "100692"]
[WhiteElo "2202"]
[BlackElo "2474"]
[Result "1-0"]
[Round "08"]
[TimeControl "180+1"]
[Date "2022.08.09"]
[WhiteClock "0:00:33"]
[BlackClock "0:01:17"]

1. g3 d5 2. Bg2 Nf6 3. d3 c6 4. e4 dxe4 5. dxe4 Qxd1+ 6. Kxd1 Nbd7 7. f3 e5 8. Be3 Bc5 9. Ke2 Ke7 10. a4 a5 11. Nd2 Bxe3 12. Kxe3 Nb6 13. Bh3 Bxh3 14. Nxh3 Nfd7 15. Nf2 Nc5 16. Nd3 Nxd3 17. cxd3 Rhd8 18. Rhc1 Rd7 19. Nc4 Nxc4+ 20. Rxc4 Rad8 21. Rd1 f6 22. f4 Rd4 23. b3 Rxc4 24. bxc4 Kd6 25. d4 exd4+ 26. Rxd4+ Kc7 27. Rxd8 Kxd8 28. c5 Kc7 29. Kd4 b5 30. cxb6+ Kxb6 31. e5 fxe5+ 32. fxe5 Kc7 33. Kc5 Kd7 34. Kb6 Ke6 35. Kxa5 Kxe5 36. Kb6 Kd5 37. a5 1-0


[Site "https://www.chess.com"]

[Event "Titled Tuesday Blitz August 09 Early 2022"]
[White "Kukreja, Sankalp"]
[Black "Hua, Lefong"]
[WhiteFideId "45027676"]
[BlackFideId "2602253"]
[WhiteElo "2004"]
[BlackElo "2611"]
[Result "1-0"]
[Round "08"]
[TimeControl "180+1"]
[Date "2022.08.09"]
[WhiteClock "0:00:10"]
[BlackClock "0:00:02"]

1. e4 c5 2. Nf3 g6 3. d4 cxd4 4. Nxd4 Bg7 5. c4 Nc6 6. Be3 Nf6 7. Nc3 Ng4 8. Qxg4 Nxd4 9. Qd1 e5 10. Nd5 O-O 11. Bd3 d6 12. O-O Be6 13. Qd2 a6 14. Bh6 b5 15. Bxg7 Kxg7 16. f4 bxc4 17. Bxc4 Bxd5 18. Bxd5 Rc8 19. Rac1 Qb6 20. Kh1 a5 21. Rxc8 Rxc8 22. fxe5 Rf8 23. exd6 Nb5 24. d7 Qd6 25. Qxa5 Qxd7 26. a4 Nc7 27. Qc3+ Kg8 28. Bc6 Qd6 29. a5 Na6 30. Bb5 Nc5 31. e5 Qe7 32. Bc4 Nd7 33. Re1 Nc5 34. b4 Ne6 35. Bxe6 fxe6 36. Qc6 Qf7 37. h3 Kg7 38. a6 Qf2 39. Rc1 Qe2 40. Qxe6 Rf1+ 41. Rxf1 Qxf1+ 42. Kh2 Qf4+ 43. Kg1 Qc1+ 44. Kf2 Qf4+ 45. Ke2 Qe4+ 46. Kd2 Qxb4+ 47. Kd3 Qa3+ 48. Kd4 Qb2+ 49. Kc5 Qc2+ 50. Kb6 Qf2+ 51. Kb7 Qxg2+ 52. Ka7 Qf2+ 53. Qb6 Qe2 54. Ka8 Qxe5 55. a7 Kh6 56. Kb7 Qe6 57. Qxe6 1-0


[Site "https://www.chess.com"]

[Event "Titled Tuesday Blitz August 09 Early 2022"]
[White "Lebedev, Artem S."]
[Black "Adury, Anant"]
[WhiteFideId "34272747"]
[BlackFideId "30964687"]
[WhiteElo "1699"]
[BlackElo "2319"]
[Result "1-0"]
[Round "08"]
[TimeControl "180+1"]
[Date "2022.08.09"]
[WhiteClock "0:00:04"]
[BlackClock "0:00:05"]

1. e4 e5 2. Nf3 Nf6 3. d4 exd4 4. e5 Ne4 5. Qxd4 d5 6. exd6 Nxd6 7. Nc3 Nc6 8. Qf4 Be6 9. Bd2 Qd7 10. O-O-O Be7 11. Bd3 O-O-O 12. Rhe1 Bf6 13. Ne4 Nxe4 14. Bxe4 Qd6 15. Qxd6 Rxd6 16. a3 Rhd8 17. Bxc6 Rxc6 18. Bg5 Rxd1+ 19. Rxd1 Bg4 20. Rd3 Bf5 21. Rd2 Be4 22. Bxf6 Rxf6 23. Ne1 Rh6 24. h3 Rg6 25. g3 h5 26. Re2 Bc6 27. h4 Rf6 28. Nd3 Bb5 29. Kd2 Rd6 30. Re5 Bxd3 31. cxd3 g6 32. Re7 Rf6 33. Ke3 Kd8 34. Re5 Kd7 35. Rd5+ Kc6 36. Re5 Kb6 37. f4 Kc6 38. Kf3 Rf5 39. Re7 Kd6 40. Re2 Rd5 41. Ke4 f5+ 42. Ke3 Kc5 43. Rc2+ Kb6 44. d4 c6 45. Kd3 Kb5 46. Re2 Rd6 47. Re5+ Kb6 48. Re7 Ka6 49. Re5 b6 50. Kc3 Kb7 51. b4 Kc7 52. Re7+ Kb8 53. Re8+ Kb7 54. Re7+ Ka6 55. Re8 Kb5 56. Re5+ Ka4 57. Re7 a5 58. Ra7 Kxa3 59. bxa5 b5 60. Rb7 Rd8 61. a6 Ra8 62. Rb6 b4+ 63. Rxb4 Rxa6 64. Rc4 Rb6 65. Rc5 Rb3+ 66. Kc4 Rb4+ 67. Kc3 Rb3+ 68. Kc4 Rxg3 69. Rxc6 Rg4 70. d5 Rxf4+ 71. Kc5 Rxh4 72. d6 Rh1 73. d7 Rc1+ 74. Kd6 Rd1+ 75. Ke7 Rxd7+ 76. Kxd7 f4 77. Ke6 f3 78. Rc3+ 1-0


[Site "https://www.chess.com"]

[Event "Titled Tuesday Blitz August 09 Early 2022"]
[White "Lehtosaari, Mauri"]
[Black "Rose, Felix"]
[WhiteFideId "501999"]
[BlackFideId "5105722"]
[WhiteElo "2503"]
[BlackElo "2039"]
[Result "0-1"]
[Round "08"]
[TimeControl "180+1"]
[Date "2022.08.09"]
[WhiteClock "0:00:01"]
[BlackClock "0:00:05"]

1. d4 d5 2. Nf3 Nf6 3. Bg5 Ne4 4. Bf4 c5 5. e3 Nc6 6. c3 Qb6 7. Qb3 c4 8. Qxb6 axb6 9. Nfd2 Bf5 10. Nxe4 Bxe4 11. Nd2 Bg6 12. Be2 e6 13. e4 f6 14. O-O b5 15. exd5 exd5 16. Bf3 O-O-O 17. Rfe1 Bd6 18. Bxd6 Rxd6 19. Nf1 b4 20. Ne3 Bf7 21. Nf5 Rdd8 22. Nxg7 bxc3 23. bxc3 b5 24. a3 Rhg8 25. Ne6 Rd6 26. Nc5 Kc7 27. Reb1 Kb6 28. a4 b4 29. cxb4 Nxd4 30. a5+ Kb5 31. Bd1 c3 32. Ba4+ Kc4 33. a6 c2 34. Bxc2 Nxc2 35. Rc1 Bg6 36. a7 Kxb4 37. a8=Q Rxa8 38. Rxa8 Kxc5 39. Rc8+ Rc6 40. Ra8 d4 41. Rd1 d3 42. g4 Rd6 43. Kg2 Kc4 44. Rc8+ Kd4 45. Kg3 Ke4 46. f3+ Ke3 47. Rc7 Ke2 48. Rg1 Ne3 49. Re7 d2 50. Rg2+ Kf1 51. Rf2+ Ke1 52. Rxe3+ Kd1 53. Ra3 Kc2 54. Ra2+ Kc1 55. Ra1+ Bb1 0-1


[Site "https://www.chess.com"]

[Event "Titled Tuesday Blitz August 09 Early 2022"]
[White "Levitskiy, Andrey"]
[Black "Kuznetsova, Olga"]
[WhiteFideId "14132885"]
[BlackFideId "4191323"]
[WhiteElo "2293"]
[BlackElo "2134"]
[Result "1-0"]
[Round "08"]
[TimeControl "180+1"]
[Date "2022.08.09"]
[WhiteClock "0:02:30"]
[BlackClock "0:02:17"]

1. e4 e5 2. Nf3 Nf6 3. Nxe5 d6 4. Nd3 Nxe4 5. Qe2 Qe7 6. Nf4 c6 7. f3 Nf6 8. d4 d5 9. Nc3 Bf5 10. Be3 Nbd7 11. O-O-O O-O-O 12. g4 Bg6 13. h4 h6 14. Nxg6 fxg6 15. Bf4 Qf7 16. Qa6 Nxg4 17. Qxc6+ bxc6 18. Ba6# 1-0


[Site "https://www.chess.com"]

[Event "Titled Tuesday Blitz August 09 Early 2022"]
[White "Madaminov, Mukhiddin"]
[Black "Navarrete Mendez, Gonzalo Alberto"]
[WhiteFideId "14210703"]
[BlackFideId "5106850"]
[WhiteElo "2669"]
[BlackElo "2536"]
[Result "1-0"]
[Round "08"]
[TimeControl "180+1"]
[Date "2022.08.09"]
[WhiteClock "0:01:18"]
[BlackClock "0:00:07"]

1. d4 d5 2. Nc3 e6 3. Bf4 Nf6 4. Nb5 Bb4+ 5. c3 Ba5 6. a4 a6 7. Na3 Ne4 8. f3 Nxc3 9. bxc3 Bxc3+ 10. Kf2 Nc6 11. e3 Bxa1 12. Qxa1 O-O 13. Bd3 Qe7 14. Ne2 f6 15. Rc1 e5 16. Bg3 Nb4 17. Bb1 c6 18. a5 e4 19. Qc3 Re8 20. Qc5 Nd3+ 21. Bxd3 exd3 22. Qxe7 Rxe7 23. Nf4 Bf5 24. Nb1 Rae8 25. Re1 g5 26. Nh5 Re6 27. Bc7 Bg6 28. Ng3 f5 29. f4 h6 30. Nd2 R6e7 31. Be5 Re6 32. Nb3 R6e7 33. Nc5 Kf7 34. Nxd3 Re6 35. Nc5 R6e7 36. Rb1 gxf4 37. Bxf4 h5 38. Ne2 h4 39. Nc1 Bh5 40. N1d3 Kf6 41. Ne5 Rg8 42. Ned7+ Kf7 43. Rxb7 Ke8 44. Nf6+ Kf7 45. Rxe7+ Kxe7 46. Nxg8+ 1-0


[Site "https://www.chess.com"]

[Event "Titled Tuesday Blitz August 09 Early 2022"]
[White "Makarian, Rudik"]
[Black "Chigaev, Maksim"]
[WhiteFideId "44105681"]
[BlackFideId "4108116"]
[WhiteElo "2865"]
[BlackElo "2906"]
[Result "0-1"]
[Round "08"]
[TimeControl "180+1"]
[Date "2022.08.09"]
[WhiteClock "0:00:06"]
[BlackClock "0:00:05"]

1. d3 d6 2. g3 g6 3. Bg2 Bg7 4. f4 e5 5. Nc3 Nc6 6. Nf3 Nge7 7. O-O O-O 8. e4 f5 9. fxe5 dxe5 10. Bg5 f4 11. gxf4 exf4 12. Qd2 Qd6 13. e5 Nxe5 14. Bxf4 Nf5 15. Kh1 Nxf3 16. Bxf3 Qd8 17. Rae1 c6 18. Ne4 Nd4 19. Bg2 Nf5 20. c3 Kh8 21. d4 Be6 22. Nc5 Bd5 23. Nxb7 Qh4 24. Nc5 Rae8 25. Bxd5 cxd5 26. Ne6 Rxe6 27. Rxe6 Qh3 28. Ree1 Ng3+ 29. Kg1 Nxf1 30. Rxf1 g5 31. Qe3 Qf5 32. Qf3 gxf4 33. Re1 Bf6 34. Kf1 Rg8 35. Re2 Qg5 36. Rg2 Qxg2+ 37. Qxg2 Rxg2 38. Kxg2 Be7 39. Kf3 Bd6 40. c4 dxc4 0-1


[Site "https://www.chess.com"]

[Event "Titled Tuesday Blitz August 09 Early 2022"]
[White "Maksimovic, Bojan"]
[Black "Atakhan, Abtin"]
[WhiteFideId "14408120"]
[BlackFideId "22502203"]
[WhiteElo "2805"]
[BlackElo "2709"]
[Result "0-1"]
[Round "08"]
[TimeControl "180+1"]
[Date "2022.08.09"]
[WhiteClock "0:00:01"]
[BlackClock "0:00:15"]

1. e4 c5 2. Nf3 Nc6 3. d4 cxd4 4. Nxd4 g6 5. Nc3 Bg7 6. Be3 Nf6 7. Nxc6 bxc6 8. e5 Ng8 9. Bd4 Qc7 10. e6 Nf6 11. exd7+ Bxd7 12. Bc4 O-O 13. Qe2 c5 14. Be5 Qb7 15. O-O-O Bc6 16. f3 Bh6+ 17. Kb1 Nd7 18. f4 Nxe5 19. fxe5 Rab8 20. b3 Bg7 21. Bd5 Rfd8 22. Qe4 Bxd5 23. Nxd5 Kh8 24. e6 fxe6 25. Qxe6 c4 26. Nxe7 Re8 27. Rd7 Qxg2 28. Re1 cxb3 29. axb3 a5 30. Qf7 Rf8 31. Qd5 Qh3 32. Qd3 Qh4 33. Re4 Qxe4 34. Nxg6+ Qxg6 0-1


[Site "https://www.chess.com"]

[Event "Titled Tuesday Blitz August 09 Early 2022"]
[White "Malyi, Viacheslav"]
[Black "Zaichenko, Daria"]
[WhiteFideId "14123983"]
[BlackFideId "4197453"]
[WhiteElo "2190"]
[BlackElo "2039"]
[Result "1-0"]
[Round "08"]
[TimeControl "180+1"]
[Date "2022.08.09"]
[WhiteClock "0:00:41"]
[BlackClock "0:01:33"]

1. e4 c5 2. Nf3 Nc6 3. d4 cxd4 4. Nxd4 Nf6 5. Nc3 d6 6. Rg1 e5 7. Nb3 Be6 8. g4 Bxb3 9. axb3 Nd4 10. Be3 Qb6 11. Bb5+ Kd8 12. Bc4 Be7 13. g5 Nd7 14. Nd5 Qc5 15. c3 b5 16. cxd4 exd4 17. Bxd4 Qc6 18. Nxe7 Qxe4+ 19. Be2 Qxe7 20. Qd2 Re8 21. Be3 Rc8 22. Rd1 Ne5 23. Qxd6+ Qxd6 24. Rxd6+ Kc7 25. Rd1 a6 26. Kf1 Kb7 27. Kg2 Rc2 28. Bf3+ Nxf3 29. Kxf3 Rxb2 30. Rd7+ Kc6 31. Rgd1 Re6 32. Rxf7 Rxb3 33. Rxg7 h6 34. Rc1+ Kd6 35. Ra7 Ke5 36. Rc5+ Kd6 37. Rxa6+ Kd7 38. Rxe6 Kxe6 39. gxh6 1-0


[Site "https://www.chess.com"]